 Dungeon Crawl Stone Soup version 0.25-a0-661-g55ea3d2053 (webtiles) character file.

Game seed: 13640933887267615525, levelgen mode: deterministic

131 DasRunzen the Slasher (level 4, 0/37 HPs)
             Began as a Demigod Gladiator on Mar 23, 2020.
             Killed from afar by Natasha (12 damage)
             ... with a magic dart
             ... on level 3 of the Dungeon.
             The game lasted 00:04:27 (1942 turns).

DasRunzen the Slasher (Demigod Gladiator)           Turns: 1942, Time: 00:04:27

Health: 0/37       AC:  5    Str: 17    XL:     4   Next: 61%
Magic:  8/8        EV: 13    Int: 14    God:
Gold:   96         SH:  0    Dex: 17    Spells: 5/5 levels left

rFire    . . .     SeeInvis .   a - +1 long sword
rCold    . . .     Gourm    .   (no shield)
rNeg     . . .     Faith    .   b - +0 leather armour
rPois    .         Spirit   .   c - +0 helmet
rElec    .         Reflect  .   (no cloak)
rCorr    .         Harm     .   h - +0 pair of gloves
MR       .....                  (no boots)
Stlth    +++.......             (no amulet)
HPRegen  0.12/turn              e - ring of stealth
MPRegen  0.11/turn              i - ring of stealth

@: no status effects
A: high mp 1
a: no special abilities


You were on level 3 of the Dungeon.
You were not hungry.

You visited 1 branch of the dungeon, and saw 3 of its levels.

You collected 96 gold pieces.

Inventory:

Hand Weapons
 a - a +1 long sword (weapon)
Missiles
 d - 3 throwing nets (quivered)
Armour
 b - a +0 leather armour (worn)
 c - a +0 helmet (worn)
 h - a +0 pair of gloves (worn)
Jewellery
 e - a ring of stealth (left hand)
 i - a ring of stealth (right hand)
Scrolls
 g - 2 scrolls of teleportation
 j - a scroll of magic mapping {unknown}
 k - a scroll of random uselessness {unknown}
Potions
 l - a potion of invisibility
 m - a potion of curing
Comestibles
 f - 3 rations
 n - 4 chunks of flesh


   Skills:
 + Level 2.6 Fighting
 + Level 3.3 Long Blades
 - Level 1.7 Throwing
 + Level 1.5 Armour
 + Level 3.2 Dodging
 + Level 1.4 Spellcasting


You had 5 spell levels left.
You didn't know any spells.
Your spell library was empty.

Dungeon Overview and Level Annotations

Branches:
Dungeon (3/15)

Annotations:
D:3 Natasha


Innate Abilities, Weirdness & Mutations

You have an increased reservoir of magic. (+10% MP)


Message History

You hit the hobgoblin but do no damage. The hobgoblin closely misses you.
The orc closely misses you.
You barely miss the hobgoblin. The hobgoblin closely misses you.
The orc closely misses you. Natasha casts a spell at you.
The magic dart hits you.
You hit the hobgoblin.
The hobgoblin is severely wounded.
The hobgoblin closely misses you.
The orc hits you from afar with a +0 trident.
The hobgoblin hits you.
You are too injured to fight recklessly!
You are too injured to fight recklessly!
Things that are here:
a +0 dagger; an orc corpse Natasha howls an incantation.
You feel troubled. Natasha casts a spell at you. The magic dart hits you!
You die...

###.......#
g...≈≈≈≈...#
...###......# .#
#####..# # #†##
#### #. ##.#
#... ##.#
#..##### #.##
#..g#####......#
#oh)@)...###..#
#...#.##..## .
##.##.#..## ##
... #...## ...
... ...# .##
###. ##.## # #.#
..#


You could see Natasha, an orc and a hobgoblin.

Vanquished Creatures
  An orc wizard (D:3)
  2 adders (D:2)
  3 worms
  4 dart slugs
  3 leopard geckos (D:2)
  5 orcs (D:3)
  A ball python (D:2)
  4 giant cockroaches
  6 goblins
  8 hobgoblins
  A quokka (D:3)
  8 bats
  2 frilled lizards (D:1)
  2 kobolds (D:1)
  16 rats
66 creatures vanquished.

Notes
Turn   | Place    | Note
-------+----------+-------------------------------------------
     0 | D:1      | DasRunzen the Demigod Gladiator began the quest for the
                  | Orb.
     0 | D:1      | Reached XP level 1. HP: 17/17 MP: 3/3
   142 | D:1      | Reached XP level 2. HP: 21/24 MP: 4/4
   320 | D:1      | Reached XP level 3. HP: 25/29 MP: 6/6
   749 | D:2      | Reached skill level 1 in Armour
   809 | D:2      | Reached skill level 1 in Spellcasting
  1418 | D:2      | Reached XP level 4. HP: 32/37 MP: 8/8
  1936 | D:3      | Noticed Natasha
  1942 | D:3      | Killed from afar by Natasha

Levels and vault maps discovered:
D:1:      erik_arrival_orb_chamber, layout_loops_ring, minmay_pentomino_t2
D:2:      layout_basic
D:3:      layout_loops_ring, chequers_serial_rivers_micro_c,
          nemelex_spade_bored_becter, uniq_natasha

Skill      XL: |  1  2  3 |
---------------+----------+-----
Fighting       | 2 |  2.6
Long Blades    | 3 |  3.3
Dodging        | 3 |  3.2
Armour         | 1 |  1.5
Spellcasting   | 1 |  1.4
Throwing       | |  1.7

Action                   |  1- 3 |  4- 6 || total
-------------------------+-------+-------++-------
Melee: Long sword        |   138 |    49 ||   187
  Use: Scroll            |     1 |     4 ||     5
 Stab: Sleeping          |     5 |     1 ||     6
  Eat: Chunk             |     1 |     3 ||     4
Armor: Leather armour    |    39 |     8 ||    47
Dodge: Dodged            |    96 |    35 ||   131
       Rpst.: Long sword |    32 |    11 ||    43

Table legend:
 A = Non-vault XP
 B = Vault XP
 C = Vault XP percentage of total XP
 D = Non-vault monster count
 E = Vault monster count
 F = Vault count percentage of total count
                 A         B        C        D         E       F
            +---------+---------+-------+---------+---------+-------
      Total |     174 |      14 |   7.4 |      53 |      13 |  19.7
            +---------+---------+-------+---------+---------+-------
        D:1 |      41 |      14 |  25.5 |      22 |      13 |  37.1
        D:2 |      71 |       0 |   0.0 |      21 |       0 |   0.0
        D:3 |      62 |       0 |   0.0 |      10 |       0 |   0.0
            +---------+---------+-------+---------+---------+-------
